 Dungeon Crawl Stone Soup version 0.28-a0-32-g8dfe7f97f6 (webtiles) character file.

Game seed: 17200122650526706453

9359 Spaninq the Grappler (level 11, 0/113 HPs)
             Began as a Troll Chaos Knight on July 27, 2021.
             Was a Plaything of Xom.
             Slain by a wolf spider (12 damage)
             ... on level 10 of the Dungeon.
             The game lasted 00:22:33 (7975 turns).

Spaninq the Grappler (Troll Chaos Knight)           Turns: 7975, Time: 00:22:34

Health: 0/113      AC:  7    Str: 24    XL:     11   Next: 22%
Magic:  10/10      EV:  8    Int:  8    God:    Xom [....*.]
Gold:   610        SH:  9    Dex: 16    Spells: 10/10 levels left

rFire   + + .      SeeInvis .     - Unarmed
rCold   . . .      Faith    .   (no shield)
rNeg    . . .      Spirit   .   q - +0 fire dragon scales
rPois   .          Reflect  +   (helmet restricted)
rElec   +          Harm     .   z - +0 cloak
rCorr   .          Rampage  .   (gloves unavailable)
Will    +....                   (boots unavailable)
Stlth   ..........              b - amulet of reflection
HPRegen 1.28/turn               d - +6 ring of dexterity
MPRegen 0.12/turn               t - ring of protection from cold

@: no status effects
A: large, unfitting armour, claws 3, regeneration 1, shaggy fur 1, tough skin 1,
large bone plates 1, deformed body, strong-willed 1, electricity resistance
a: Renounce Religion


You were on level 10 of the Dungeon.
You worshipped Xom.
You were a beloved toy of Xom.
You visited 2 branches of the dungeon, and saw 11 of its levels.

You collected 610 gold pieces.

Inventory:

Hand Weapons
 w - a +2 whip of electrocution
Missiles
 s - 2 curare-tipped darts (quivered)
 x - 2 atropa-tipped darts
Armour
 q - +0 fire dragon scales (worn)
 v - a +0 kite shield
 z - a +0 cloak (worn)
Jewellery
 b - an amulet of reflection (around neck)
 d - a +6 ring of dexterity (left claw)
 t - a ring of protection from cold (right claw)
Wands
 o - a wand of iceblast (6)
 u - a wand of acid (18)
Scrolls
 c - a scroll of enchant armour
 e - 5 scrolls of teleportation
 g - a scroll of fear
 j - 2 scrolls of blinking
 y - a scroll of identify
Potions
 a - a potion of heal wounds
 f - 2 potions of might
 h - 2 potions of berserk rage
 i - a potion of resistance
 k - 2 potions of mutation
 l - 2 potions of brilliance
 n - a potion of cancellation
 p - a potion of ambrosia
 r - 2 potions of curing


   Skills:
 + Level 8.6 Fighting
 - Level 1.9 Dodging
 * Level 5.9 Shields
 + Level 12.8 Unarmed Combat


You had 10 spell levels left.
You didn't know any spells.
Your spell library contained the following spells:

 Spells                   Type           Power      Damage    Failure   Level
 Corona                   Hex            0%         N/A       80%         1
 Ensorcelled Hibernation  Hex/Ice        0%         N/A       91%         2
 Frozen Ramparts          Ice            0%         1d2       99%         3
 Tukima's Dance           Hex            0%         N/A       99%         3
 Hailstorm                Conj/Ice       0%         3d3       100%        4
 Ice Form                 Ice/Tmut       0%         N/A       100%        4
 Summon Ice Beast         Ice/Summ       0%         N/A       100%        4
 Simulacrum               Ice/Necr       0%         N/A       100%        6


Dungeon Overview and Level Annotations

Branches:
Dungeon (10/15)            Temple (1/1) D:7            Lair (0/6) D:10
    Orc (0/2) D:10

Altars:
Ashenzari
Cheibriados
Dithmenos
Elyvilon
Fedhas
Gozag
Hepliaklqana
Kikubaaqudgha
Makhleb
Nemelex Xobeh
Okawaru
Qazlal
Ru
Sif Muna
Trog
Uskayaw
Vehumet
Wu Jian
Xom
Yredelemnul
Zin
The Shining One

Shops:
D:5 ?

Annotations:
D:7 2 transporters, ClownBaby's ghost, novice MfGl
D:9 exclusion: orange crystal statue


Innate Abilities, Weirdness & Mutations

You are too large for most types of armour.
You have claws for hands.
Your natural rate of healing is unusually fast.
You are covered in fur. (AC +1)
You have tough skin. (AC +1)
You are partially covered in large bone plates. (SH +4)
Armour fits poorly on your strangely shaped body.
You are strong-willed. (Will+)
You are resistant to electric shocks. (rElec)


Message History

You block the wolf spider's attack.
You scratch the wolf spider. Your claw misses the wolf spider.
The wolf spider is lightly wounded.
You feel extremely sick. The wolf spider hits you!
The wolf spider bites you but does no damage.
You scratch the wolf spider.
The wolf spider is lightly wounded.
You feel very sick. The wolf spider hits you!!
* * * LOW HITPOINT WARNING * * *
The wolf spider bites you.
* * * LOW HITPOINT WARNING * * *
You feel better. The wolf spider hits you!
* * * LOW HITPOINT WARNING * * *
You block the wolf spider's attack.
You feel much better.
Your merfolk changes into a shining eye!
The wolf spider hits you. You block the wolf spider's attack.
The wolf spider hits you!
* * * LOW HITPOINT WARNING * * *
The wolf spider closely misses you.
You feel much better. The wolf spider hits you!
* * * LOW HITPOINT WARNING * * *
The wolf spider bites you but does no damage.
Aiming: Corrosive Bolt
Press: ? - help, Shift-Dir - straight line, f - wolf spider
Aim: a wolf spider (lightly wounded, ally target, 71% to hit)
The bolt of acid hits the wolf spider!
The wolf spider is splashed with acid.
The wolf spider is moderately wounded.
Your shining eye changes into a torpor snail!
The wolf spider hits you!
* * * LOW HITPOINT WARNING * * *
The wolf spider bites you.
* * * LOW HITPOINT WARNING * * *
The wolf spider hits you.
* * * LOW HITPOINT WARNING * * *
The wolf spider bites you!
You die... "This toy is broken."

....# ∆ #≈≈≈≈...;o..≈≈≈≈ ..).#
#≈≈≈≈≈.....≈≈≈≈≈ ##..#
#≈≈≈≈≈≈♣u♣≈≈≈≈≈ .#..# #♣≈≈≈≈≈♣.♣
≈≈≈ #
.#.)#############♣.♣#############
.#..#.♣.♣.#♣...♣♣♣.♣♣....♣#.)...#
.#..#._♣..♣♣.♣.P♣♣....≈≈≈.♣.♣†♣.#
.#..)..[....w≈≈≈P♣.♣)♣.≈≈...♣.♣..
....#..♣..♣♣P...@s.♣.♣..♣♣♣.♣♣♣.#
....#.♣.♣.#♣♣♣♣♣♣♣.♣♣♣♣♣♣ #.♣ ♣.#
...[####### ### ### ###
.......#.. +.........# #
.......#.. #.........# .......#.#
#.........######## ...#####.##
#................# ...#......+
#................# ...#.>....#
#................#


You could see a wolf spider (ally target) and a friendly torpor snail shaped
shifter (summoned).

Vanquished Creatures
  A two-headed ogre (D:10)
  A deep elf pyromancer (D:10)
  An ugly thing (D:10)
  A kobold demonologist (D:10)
  A queen bee (shapeshifter) (D:10)
  2 shadows (D:10)
  2 wyverns (D:8)
  A wraith (D:9)
  6 yaks (D:8)
  3 vampire mosquitoes (D:10)
  A steam dragon (D:6)
  An acid dragon (D:9)
  A warg (D:10)
  2 water moccasins
  2 orc warriors (D:9)
  4 ice beasts
  A black bear (D:6)
  2 sky beasts
  A necrophage (D:7)
  An ogre (D:6)
  2 centaurs
  2 phantoms
  5 kobold brigands
  A bullfrog (D:8)
  2 gnoll sergeants
  6 scorpions
  2 water moccasin zombies (D:5)
  A wyvern skeleton (D:7)
  A water moccasin skeleton (D:5)
  2 killer bees (D:10)
  8 wights
  An electric eel (D:10)
  7 howler monkeys
  7 centaur zombies
  An orc priest (D:10)
  3 hounds
  A bullfrog skeleton (D:6)
  3 iguanas
  8 orc wizards
  A killer bee zombie (D:8)
  A howler monkey zombie (D:10)
  7 gnolls
  5 adders
  2 shadow imps
  An ufetubus (D:5)
  An adder skeleton (D:3)
  2 dart slugs (D:1)
  27 orcs
  3 bats
  4 endoplasms
  3 giant cockroaches
  10 hobgoblins
  6 jackals
  18 kobolds
  5 quokkas
  6 ball pythons
  3 frilled lizards
  9 goblins
  5 rats
217 creatures vanquished.

Vanquished Creatures (collateral kills)
  A fire dragon (D:10)
  A water moccasin (D:8)
  An orc priest (D:8)
  2 gnolls (D:9)
  2 orcs (D:8)
7 creatures vanquished.

Vanquished Creatures (others)
  An orc (D:6)
  4 plants (D:10)
5 creatures vanquished.

Grand Total: 229 creatures vanquished

Notes
Turn   | Place    | Note
-------+----------+-------------------------------------------
     0 | D:1      | Spaninq the Troll Chaos Knight began the quest for the Orb.
     0 | D:1      | Reached XP level 1. HP: 22/22 MP: 0/0
   126 | D:1      | Reached XP level 2. HP: 27/29 MP: 1/1
   238 | D:1      | XOM: smoke on damage
   627 | D:1      | XOM is BORED!
   627 | D:1      | XOM: silly message
   660 | D:2      | XOM: silly message
   753 | D:2      | XOM: divination: detect items
   756 | D:2      | Reached XP level 3. HP: 36/36 MP: 2/2
   776 | D:2      | XOM: divination: detect creatures
   889 | D:2      | Reached skill level 4 in Unarmed Combat
   927 | D:2      | Found a broken altar of Ashenzari.
   959 | D:2      | Reached XP level 4. HP: 45/45 MP: 3/3
  1163 | D:2      | XOM: give mutation
  1163 | D:2      | Gained mutation: You are resistant to electric shocks.
                  | (rElec) [Xom's grace]
  1430 | D:3      | XOM is BORED!
  1430 | D:3      | XOM: give mutations
  1430 | D:3      | Gained mutation: You sometimes lose the ability to read
                  | scrolls when taking damage. [Xom's mischief]
  1430 | D:3      | Lost mutation: You sometimes lose the ability to read
                  | scrolls when taking damage. [Xom's mischief]
  1430 | D:3      | Gained mutation: Armour fits poorly on your strangely
                  | shaped body. [Xom's mischief]
  1430 | D:3      | Lost mutation: Armour fits poorly on your strangely shaped
                  | body. [Xom's mischief]
  1515 | D:3      | Found a shadowy altar of Dithmenos.
  2346 | D:4      | Found a sacrificial altar of Ru.
  2363 | D:4      | XOM: 5-stop teleportation journey
  2397 | D:4      | XOM: 2-stop teleportation journey
  2400 | D:4      | Reached skill level 5 in Unarmed Combat
  2401 | D:4      | Reached XP level 5. HP: 53/53 MP: 4/4
  2434 | D:4      | XOM: 2-stop teleportation journey
  2500 | D:4      | XOM: give mutations
  2500 | D:4      | Gained mutation: You have a pair of small horns on your
                  | head. [Xom's mischief]
  2500 | D:4      | Gained mutation: You are partially covered in large bone
                  | plates. (SH +4) [Xom's mischief]
  2937 | D:5      | Entered Level 5 of the Dungeon
  2939 | D:5      | Found an opulent altar of Gozag.
  2944 | D:5      | XOM: scenery: summon butterflies
  2965 | D:5      | XOM: cast spell 'Dispersal'
  3063 | D:5      | Noticed an ice beast
  3063 | D:5      | XOM: cleaving
  3068 | D:5      | Killed an ice beast
  3069 | D:5      | Reached XP level 6. HP: 49/62 MP: 5/5
  3090 | D:5      | Found Ugis's Magic Scroll Emporium.
  3100 | D:5      | Reached skill level 6 in Unarmed Combat
  3238 | D:5      | Reached XP level 7. HP: 63/70 MP: 6/6
  3239 | D:5      | Reached skill level 7 in Unarmed Combat
  3286 | D:5      | XOM: god gift: 39 gold pieces
  3317 | D:5      | Found a radiant altar of Vehumet.
  3317 | D:5      | Found a broken altar of Ashenzari.
  3459 | D:5      | XOM: fake destruction
  3490 | D:5      | Reached skill level 8 in Unarmed Combat
  3519 | D:5      | Reached skill level 5 in Fighting
  3519 | D:5      | Reached XP level 8. HP: 80/80 MP: 7/7
  3601 | D:5      | XOM: give mutations
  3601 | D:5      | Gained mutation: You are robust. (+10% HP) [Xom's grace]
  3601 | D:5      | Gained mutation: You are strong-willed. (Will+) [Xom's
                  | grace]
  3601 | D:5      | Gained mutation: You are partially covered in iridescent
                  | scales. (AC +2) [Xom's grace]
  3649 | D:6      | Identified a scroll of acquirement
  3649 | D:6      | Acquired an amulet of reflection
  3847 | D:6      | XOM: enchant monster (good)
  3876 | D:6      | Found an ancient bone altar of Kikubaaqudgha.
  3900 | D:6      | Reached skill level 9 in Unarmed Combat
  4015 | D:6      | XOM: divination: detect items
  4103 | D:6      | XOM: divination: detect creatures
  4228 | D:6      | XOM: summons friendly white imp
  4327 | D:7      | Found a transporter.
  4327 | D:7      | Found a transporter.
  4328 | D:7      | Noticed ClownBaby's ghost (novice MfGl)
  4335 | D:7      | Reached skill level 10 in Unarmed Combat
  4438 | D:7      | Found a staircase to the Ecumenical Temple.
  4444 | D:7      | Reached XP level 9. HP: 88/97 MP: 8/8
  4449 | Temple   | Entered the Ecumenical Temple
  4465 | Temple   | XOM: cloud trail
  4633 | D:7      | XOM: 3-stop teleportation journey
  4728 | D:7      | XOM: fog
  4971 | D:8      | XOM is BORED!
  4971 | D:8      | XOM: summons 1 hostile demon
  5018 | D:8      | XOM: 2-stop teleportation journey
  5102 | D:8      | XOM: divination: magic mapping
  5128 | D:8      | XOM: confusion (+ monsters)
  5138 | D:8      | Reached skill level 11 in Unarmed Combat
  5233 | D:8      | XOM: god gift: amulet of the acrobat
  5589 | D:8      | XOM: scenery: create altars
  5592 | D:8      | XOM: destruction
  5595 | D:8      | XOM: scenery: summon butterflies
  5613 | D:8      | XOM: noise
  5647 | D:8      | Found a shimmering altar of Xom.
  5650 | D:8      | Found a shimmering altar of Xom.
  5651 | D:8      | Found a shimmering altar of Xom.
  5651 | D:8      | Found a shimmering altar of Xom.
  5656 | D:8      | Found a shimmering altar of Xom.
  5657 | D:8      | Found a shimmering altar of Xom.
  5657 | D:8      | Found a shimmering altar of Xom.
  5657 | D:8      | Found a shimmering altar of Xom.
  5658 | D:8      | Found a shimmering altar of Xom.
  5660 | D:8      | Found a shimmering altar of Xom.
  5785 | D:8      | XOM: summons 3 friendly demons
  5883 | D:8      | Reached XP level 10. HP: 112/112 MP: 9/9
  6008 | D:9      | Reached skill level 12 in Unarmed Combat
  6048 | D:9      | Noticed an orange crystal statue
  6050 | D:9      | XOM: noise
  6161 | D:9      | XOM: summons 6 hostile demons
  6241 | D:9      | XOM: 2-stop teleportation journey
  6271 | D:9      | Reached skill level 1 in Shields
  6671 | D:9      | XOM: noise
  7119 | D:9      | XOM: noise
  7301 | D:10     | Entered Level 10 of the Dungeon
  7309 | D:10     | XOM: give mutations
  7309 | D:10     | Lost mutation: You are robust. (+10% HP) [Xom's mischief]
  7309 | D:10     | Gained mutation: Armour fits poorly on your strangely
                  | shaped body. [Xom's mischief]
  7309 | D:10     | Lost mutation: You have a pair of small horns on your head.
                  | [Xom's mischief]
  7309 | D:10     | Lost mutation: You are partially covered in iridescent
                  | scales. (AC +2) [Xom's mischief]
  7336 | D:10     | Noticed a two-headed ogre
  7351 | D:10     | Found a staircase to the Lair.
  7351 | D:10     | XOM: 3-stop teleportation journey
  7362 | D:10     | Noticed a two-headed ogre
  7364 | D:10     | XOM: swap monsters
  7365 | D:10     | XOM: divination: detect items
  7366 | D:10     | XOM: confuse monster(s)
  7366 | D:10     | Killed a two-headed ogre
  7537 | D:10     | Noticed a deep elf pyromancer
  7540 | D:10     | XOM: confusion (+ monsters)
  7558 | D:10     | Killed a deep elf pyromancer
  7626 | D:10     | Reached skill level 5 in Shields
  7628 | D:10     | Noticed a wolf spider
  7641 | D:10     | XOM: 2-stop teleportation journey
  7653 | D:10     | XOM: polymorph orc warrior -> shapeshifter
  7662 | D:10     | XOM: enchant monster (bad)
  7663 | D:10     | Reached XP level 11. HP: 98/113 MP: 10/10
  7783 | D:10     | Found a staircase to the Orcish Mines.
  7823 | D:10     | Noticed a fire dragon
  7837 | D:10     | XOM: scenery: create altars
  7850 | D:10     | XOM: cast spell 'Summon Dragon'
  7857 | D:10     | Killed a fire dragon
  7906 | D:10     | XOM: polymorph fire dragon -> glowing shapeshifter
  7954 | D:10     | Noticed a red ugly thing
  7967 | D:10     | Killed a red ugly thing
  7975 | D:10     | Slain by a wolf spider

Illustrated notes

Levels and vault maps discovered:
D:1:      lightli_arrival_maybe_door_vault, layout_loops_ring
D:2:      layout_basic, basic_altar, item_on_display_a
D:3:      layout_basic, amcnicky_altar_gilded
D:4:      layout_cave_pods, mainiacjoe_overflow_alcove_2, dk_vineyard_3
D:5:      layout_layer_cave, mainiacjoe_overflow_alcove_1,
          gammafunk_temple_overflow_statue, serial_shops, shop
D:6:      layout_basic, nicolae_kikubaaqudgha_miasma_corner
D:7:      layout_cave_pools, minmay_temple_entry_drinking_statues,
          gammafunk_ghost_hive
D:8:      wad_river_or_something, layout_cave_pools, xom_redecorated,
          serial_rivers, chequers_serial_rivers_micro_b,
          chequers_serial_rivers_room_b, chequers_serial_rivers_marsh,
          chequers_serial_rivers_room_b, chequers_serial_rivers_small_3,
          chequers_serial_rivers_large_b, minmay_holes, grunt_ministairs_15
D:9:      layout_grid_maze, minmay_protected_statue
D:10:     nzn_winding_woodlands_large [nzn_winding_woodlands_5x5_three,
          nzn_winding_woodlands_5x15_pathside_ponds,
          nzn_winding_woodlands_hourglass, nzn_winding_woodlands_center_lodge,
          nzn_winding_woodlands_15x15_eel_pit,
          nzn_winding_woodlands_center_triple_pond,
          nzn_winding_woodlands_5x5_cross, nzn_winding_woodlands_5x15_jagged,
          nzn_winding_woodlands_5x5_perimeter], layout_gridville, david_orc_3,
          serial_park_tiny_pond, st_stairs_4
Temple:   eino_wide_crystal_templ

Skill      XL: |  1  2  3  4  5  6  7  8  9 10 |
---------------+-------------------------------+-----
Unarmed Combat | 4 5 6 8 10 11 12 | 12.8
Fighting       | 3 4 5 6 7 8 |  8.6
Shields        | 5 |  5.9
Dodging        | |  1.9

Action                   |  1- 3 |  4- 6 |  7- 9 | 10-12 || total
-------------------------+-------+-------+-------+-------++-------
Melee: Unarmed           |    72 |   119 |   228 |   196 ||   615
       Punch             |     1 |     2 |    10 |    11 ||    24
       Headbutt          |       |     9 |    44 |    18 ||    71
Evoke: Wand              |       |       |       |     1 ||     1
  Use: Scroll            |       |       |    21 |     3 ||    24
       Potion            |       |       |       |     5 ||     5
 Stab: Sleeping          |     1 |       |     1 |       ||     2
       Confused          |       |       |     1 |       ||     1
Armor: Robe              |    39 |    34 |    34 |       ||   107
       Steam dragon scal |       |       |    72 |    49 ||   121
       Fire dragon scale |       |       |       |     4 ||     4
Dodge: Dodged            |    26 |    43 |   107 |    73 ||   249
Block: Other             |       |     4 |   109 |    86 ||   199
       Reflection        |       |       |     6 |     2 ||     8

Table legend: (Time is in decaauts)
 A = Elapsed time spent in this place.
 B = Non-inter-level travel time spent in this place.
 C = Inter-level travel time spent in this place.
 D = Time resting spent in this place.
 E = Time spent auto-exploring this place.
 F = Levels seen in this place.
 G = Mean time per level.
                   A        B        C        D        E       F      G
               +--------+--------+--------+--------+--------+-----+--------+
         Total |   7901 |   7613 |    288 |     76 |   5790 |  11 |  718.3 |
       Dungeon |   7828 |   7558 |    270 |     76 |   5741 |  10 |  782.8 |
        Temple |     72 |     54 |     18 |      0 |     49 |   1 |   72.0 |
               +--------+--------+--------+--------+--------+-----+--------+

Top non-repeatable levels by time:
     D:9: 1323 daAuts
     D:8: 1100 daAuts
     D:3: 867 daAuts
     D:4: 726 daAuts
     D:5: 705 daAuts
     D:2: 690 daAuts
     D:6: 659 daAuts
     D:1: 640 daAuts
    D:10: 620 daAuts
     D:7: 492 daAuts
  Temple: 72 daAuts
